[ AOE2 MATCH · #461084530 ]
1v1 RMWei vs Armenians
Player's team · WIN
[ REPLAY ANALYSIS · EXTRACTED FROM THE RECORDED GAME ]
Feudal
21:21
Castle
34:31
Imperial
51:46
| APM avg | 8.6 |
| APM peak | 20 |
| eAPM avg | 6.2 |
| Villagers / military | 95 / 57 |
Focus
⚔️ 25.1% · 🌾 74.9%
Scout Cavalry ×40 · Unknown (1944) ×35 · Unknown (1949) ×30 · Militia ×15 · Monk ×2 · Unknown (1954) ×1
Feudal
—
Castle
—
Imperial
—
| APM avg | 8.3 |
| APM peak | 24 |
| eAPM avg | 6.1 |
| Villagers / military | 77 / 178 |
Focus
⚔️ 33.6% · 🌾 66.4%
Spearman ×90 · Archer ×39 · Militia ×29 · Composite Bowman ×20
Match map
Initial resources + every placement click. Lines = walls · curves = elevation contours. ◆ gold · ⬟ stone · ● berries · ✦ relic · ◌ wall gap
Your base· Open — 4t gap
TripleCloth7217's base· Open — unwalled flank
Smoothed initial terrain · ◌ = detected wall gap · hover for details
Inputs per minute
— MEKSYK - - TripleCloth7217
Build order — MEKSYK
First 150 of 279 actions detected
| 0:05 | Create | Villager (Male) ×4 |
| 0:09 | Build | House |
| 0:10 | Build | House |
| 1:02 | Build | Lumber Camp |
| 2:08 | Research | Loom |
| 4:49 | Build | Town Center |
| 6:06 | Build | Mill |
| 7:41 | Create | Villager (Male) |
| 8:16 | Create | Villager (Male) |
| 8:33 | Create | Villager (Male) |
| 9:09 | Create | Villager (Male) |
| 9:39 | Create | Villager (Male) |
| 9:41 | Create | Villager (Male) |
| 10:22 | Build | Lumber Camp |
| 10:32 | Create | Villager (Male) |
| 10:32 | Create | Villager (Male) |
| 10:54 | Build | House |
| 11:15 | Create | Villager (Male) |
| 11:31 | Build | Farm |
| 11:54 | Build | Farm |
| 12:27 | Create | Villager (Male) |
| 12:58 | Create | Villager (Male) |
| 13:01 | Build | Farm |
| 13:19 | Build | Outpost |
| 13:34 | Build | Farm |
| 13:37 | Create | Villager (Male) |
| 13:41 | Create | Villager (Male) |
| 14:09 | Build | Farm |
| 14:18 | Build | House |
| 14:30 | Build | House |
| 14:31 | Build | House |
| 14:39 | Build | Farm |
| 14:51 | Create | Villager (Male) |
| 14:51 | Create | Villager (Male) |
| 14:52 | Create | Villager (Male) |
| 15:12 | Build | Mining Camp |
| 15:21 | Create | Villager (Male) |
| 15:27 | Build | Mill |
| 16:03 | Build | Farm |
| 16:08 | Build | Farm |
| 16:20 | Build | Farm |
| 16:22 | Create | Villager (Male) |
| 16:54 | Build | House |
| 16:54 | Build | House |
| 16:56 | Build | House |
| 16:56 | Build | House |
| 17:06 | Build | Farm |
| 17:10 | Build | Farm |
| 17:48 | Create | Villager (Male) |
| 17:49 | Create | Villager (Male) |
| 18:24 | Build | Farm |
| 18:31 | Build | Barracks |
| 18:46 | Build | Farm |
| 19:12 | Research | Feudal Age |
| 20:35 | Create | Villager (Male) |
| 20:35 | Create | Villager (Male) |
| 20:36 | Create | Villager (Male) |
| 21:21 | Age | Feudal Age |
| 21:29 | Create | Villager (Male) |
| 21:31 | Research | Man-at-Arms (upgrade) |
| 21:39 | Research | Double-Bit Axe |
| 21:42 | Research | Horse Collar |
| 21:51 | Build | Mining Camp |
| 22:24 | Build | Watch Tower |
| 22:31 | Build | Watch Tower |
| 22:51 | Research | Town Watch |
| 23:46 | Create | Villager (Male) |
| 23:47 | Create | Villager (Male) |
| 23:47 | Create | Villager (Male) |
| 23:49 | Create | Villager (Male) |
| 24:11 | Build | House |
| 24:28 | Create | Militia |
| 24:28 | Create | Militia |
| 24:29 | Create | Militia |
| 24:29 | Create | Militia |
| 24:35 | Build | Watch Tower |
| 25:35 | Build | Lumber Camp |
| 25:55 | Create | Villager (Male) |
| 25:56 | Create | Villager (Male) |
| 25:56 | Create | Villager (Male) |
| 26:40 | Create | Militia |
| 26:41 | Create | Militia |
| 26:41 | Create | Militia |
| 27:00 | Build | Mining Camp |
| 27:10 | Research | Wheelbarrow |
| 27:20 | Create | Militia |
| 27:21 | Create | Militia |
| 27:21 | Create | Militia |
| 27:57 | Create | Villager (Male) ×5 |
| 28:33 | Build | Blacksmith |
| 28:45 | Build | Stable |
| 28:48 | Build | Stable |
| 28:55 | Build | Mill |
| 29:34 | Build | Farm |
| 29:35 | Build | Farm |
| 29:35 | Build | Farm |
| 29:42 | Build | House |
| 29:44 | Build | House |
| 29:45 | Build | House |
| 29:46 | Build | House |
| 29:47 | Build | House |
| 29:47 | Build | House |
| 30:06 | Research | Forging |
| 30:07 | Research | Scale Barding Armor |
| 30:22 | Build | Farm |
| 31:02 | Build | Farm |
| 31:18 | Build | Lumber Camp |
| 31:42 | Create | Militia ×5 |
| 31:51 | Research | Castle Age |
| 32:04 | Build | Farm |
| 32:31 | Research | Scale Mail Armor |
| 33:18 | Build | House |
| 33:19 | Build | House |
| 33:20 | Build | House |
| 33:21 | Build | House |
| 33:22 | Build | House |
| 33:23 | Build | House |
| 34:16 | Research | Bloodlines |
| 34:22 | Build | Watch Tower |
| 34:31 | Age | Castle Age |
| 34:39 | Create | Unit 1944 ×5 |
| 34:40 | Create | Unit 1944 ×5 |
| 35:36 | Build | Mining Camp |
| 35:50 | Create | Villager (Male) ×4 |
| 37:00 | Build | Town Center |
| 37:25 | Create | Villager (Male) ×5 |
| 37:48 | Research | Iron Casting |
| 37:54 | Build | Farm |
| 39:25 | Create | Unit 1944 ×5 |
| 39:26 | Create | Unit 1944 ×4 |
| 39:37 | Build | Farm |
| 39:55 | Build | House |
| 39:56 | Build | House |
| 39:57 | Build | House |
| 39:59 | Build | House |
| 40:06 | Create | Villager (Male) ×5 |
| 40:16 | Build | Lumber Camp |
| 40:26 | Build | Farm |
| 40:29 | Create | Villager (Male) |
| 40:30 | Create | Villager (Male) |
| 40:42 | Research | Heavy Plow |
| 41:04 | Build | Farm |
| 41:10 | Build | Farm |
| 41:19 | Build | Farm |
| 41:24 | Build | Farm |
| 41:29 | Build | Mining Camp |
| 41:46 | Research | Squires |
| 42:03 | Build | Farm |
| 42:09 | Build | Farm |
| 42:15 | Create | Villager (Male) ×5 |
Build order — TripleCloth7217
First 150 of 255 actions detected
| 0:10 | Research | Loom |
| 0:10 | Create | Villager (Male) |
| 0:10 | Create | Villager (Male) |
| 0:11 | Create | Villager (Male) |
| 0:11 | Create | Villager (Male) |
| 0:11 | Create | Villager (Male) |
| 0:25 | Build | House |
| 0:46 | Build | Mule Cart |
| 1:55 | Build | House |
| 1:56 | Build | House |
| 1:57 | Build | House |
| 2:02 | Build | House |
| 2:15 | Create | Villager (Male) |
| 2:19 | Create | Villager (Male) |
| 2:44 | Create | Villager (Male) |
| 3:17 | Create | Villager (Male) |
| 4:24 | Create | Villager (Male) |
| 4:25 | Create | Villager (Male) |
| 4:25 | Create | Villager (Male) |
| 6:36 | Build | Mule Cart |
| 7:58 | Build | Barracks |
| 10:03 | Build | Mill |
| 16:02 | Build | Town Center |
| 20:00 | Build | Mill |
| 20:03 | Research | Feudal Age |
| 20:18 | Create | Militia |
| 20:18 | Create | Militia |
| 20:18 | Create | Militia |
| 20:18 | Create | Militia |
| 20:18 | Create | Militia |
| 20:19 | Create | Militia |
| 21:05 | Create | Spearman |
| 21:06 | Create | Spearman |
| 21:06 | Create | Spearman |
| 21:06 | Create | Spearman |
| 22:17 | Research | Man-at-Arms (upgrade) |
| 22:20 | Research | Arson |
| 23:18 | Research | Long Swordsman (upgrade) |
| 24:20 | Build | Blacksmith |
| 27:09 | Research | Forging |
| 27:09 | Research | Scale Mail Armor |
| 27:54 | Create | Militia |
| 27:54 | Create | Militia |
| 27:55 | Create | Militia |
| 27:55 | Create | Militia |
| 27:55 | Create | Militia |
| 27:55 | Create | Militia |
| 28:26 | Build | Barracks |
| 28:56 | Create | Villager (Male) ×5 |
| 29:07 | Create | Militia |
| 29:07 | Create | Militia |
| 29:22 | Build | Archery Range |
| 29:59 | Build | House |
| 29:59 | Build | House |
| 30:00 | Build | House |
| 30:00 | Build | House |
| 30:01 | Build | House |
| 30:01 | Build | House |
| 31:02 | Create | Militia ×5 |
| 31:02 | Create | Militia ×5 |
| 31:02 | Create | Militia ×5 |
| 36:26 | Research | Castle Age |
| 37:58 | Build | Farm |
| 37:59 | Build | Farm |
| 37:59 | Build | Farm |
| 38:00 | Build | Farm |
| 38:01 | Build | Farm |
| 38:37 | Create | Spearman |
| 38:37 | Create | Spearman |
| 38:37 | Create | Spearman |
| 38:56 | Create | Spearman |
| 38:57 | Create | Spearman |
| 39:19 | Build | Farm |
| 39:20 | Build | Farm |
| 39:22 | Build | Farm |
| 40:17 | Create | Villager (Male) |
| 40:17 | Create | Villager (Male) |
| 40:52 | Create | Villager (Male) |
| 41:21 | Create | Villager (Male) |
| 41:29 | Create | Villager (Male) |
| 42:09 | Create | Villager (Male) |
| 42:09 | Create | Villager (Male) |
| 42:24 | Build | Town Center |
| 42:42 | Create | Villager (Male) |
| 43:11 | Create | Villager (Male) |
| 43:34 | Build | Farm |
| 43:34 | Build | Farm |
| 43:35 | Build | Farm |
| 43:41 | Create | Villager (Male) |
| 43:57 | Create | Villager (Male) |
| 44:23 | Create | Villager (Male) |
| 44:40 | Build | Siege Workshop |
| 44:53 | Create | Villager (Male) |
| 45:03 | Build | Farm |
| 45:03 | Build | Farm |
| 45:04 | Build | Farm |
| 45:04 | Build | Farm |
| 45:04 | Build | Farm |
| 45:04 | Build | Farm |
| 45:05 | Build | Farm |
| 45:33 | Create | Spearman ×4 |
| 47:42 | Create | Villager (Male) |
| 48:00 | Build | Monastery |
| 48:10 | Create | Villager (Male) |
| 48:46 | Create | Villager (Male) |
| 48:47 | Create | Villager (Male) |
| 49:09 | Build | Farm |
| 49:10 | Build | Farm |
| 49:14 | Build | Farm |
| 49:18 | Create | Villager (Male) |
| 49:18 | Create | Villager (Male) |
| 49:40 | Build | Market |
| 49:51 | Build | House |
| 49:52 | Build | House |
| 49:52 | Build | House |
| 49:53 | Build | House |
| 49:53 | Build | House |
| 49:53 | Build | House |
| 49:53 | Build | House |
| 49:54 | Build | House |
| 49:54 | Build | House |
| 49:55 | Build | House |
| 50:05 | Create | Villager (Male) |
| 50:06 | Create | Villager (Male) |
| 50:06 | Create | Villager (Male) |
| 50:06 | Create | Villager (Male) |
| 50:59 | Create | Villager (Male) |
| 51:00 | Create | Villager (Male) |
| 51:00 | Create | Villager (Male) |
| 51:00 | Create | Villager (Male) |
| 51:00 | Create | Villager (Male) |
| 51:01 | Create | Villager (Male) |
| 51:17 | Build | Archery Range |
| 51:31 | Create | Villager (Male) |
| 51:32 | Create | Villager (Male) |
| 52:27 | Create | Archer ×5 |
| 52:28 | Create | Archer ×5 |
| 52:28 | Create | Archer ×5 |
| 53:04 | Research | Fletching |
| 53:04 | Research | Padded Archer Armor |
| 53:20 | Create | Archer |
| 53:20 | Create | Archer |
| 53:20 | Create | Archer |
| 53:31 | Create | Villager (Male) ×5 |
| 53:41 | Build | University |
| 53:50 | Create | Archer |
| 53:50 | Create | Archer |
| 54:12 | Create | Archer |
| 54:12 | Create | Archer |
| 54:20 | Create | Archer |
Match timeline
| 7:58 | TripleCloth7217 · first_building Barracks |
| 18:31 | MEKSYK · first_building Barracks |
| 21:21 | MEKSYK · age_up feudal |
| 28:45 | MEKSYK · first_building Stable |
| 29:22 | TripleCloth7217 · first_building Archery Range |
| 34:31 | MEKSYK · age_up castle |
| 44:16 | MEKSYK · first_building Monastery |
| 44:40 | TripleCloth7217 · first_building Siege Workshop |
| 48:00 | TripleCloth7217 · first_building Monastery |
| 50:37 | MEKSYK · first_building Castle |
| 50:41 | TripleCloth7217 · first_market_buy 100 stone |
| 51:46 | MEKSYK · age_up imperial |
| 65:06 | TripleCloth7217 · first_building Castle |
| 70:29 | TripleCloth7217 · resign |
[ AI ANALYSIS · 1 CREDIT ]
What really happened in this match?
Wolo.gg analyzes every decision: build order, eco, micro, common mistakes by bracket. Personalized analysis on WhatsApp or Discord in 30 seconds.
Civ guide
Wei
Map guide
Arabia
Perfil
Jugador #22541482